 Dungeon Crawl Stone Soup version 0.28.0-1-gb440e238dd (webtiles) character file.

Game seed: 3807829422515399595

319 fknight the Chopper (level 6, -8/56 HPs)
             Began as a Hill Orc Monk on Feb 20, 2022.
             Mangled by a gnoll sergeant (14 damage)
             ... on level 4 of the Dungeon.
             The game lasted 00:19:16 (4244 turns).

fknight the Chopper (Hill Orc Monk)                 Turns: 4244, Time: 00:19:17

Health: -8/56      AC: 11    Str: 16    XL:     6   Next: 46%
Magic:  6/6        EV:  5    Int: 12    God:
Gold:   25         SH:  5    Dex: 13    Spells: 5/5 levels left

rFire   . . .      SeeInvis .   t - +2 broad axe (vorpal)
rCold   . . .      Faith    .   (no shield)
rNeg    . . .      Spirit   .   i - +0 plate armour
rPois   .          Reflect  +   (helmet restricted)
rElec   .          Harm     +   l - scarf {harm}
rCorr   .          Rampage  .   (no gloves)
Will    .....                   (no boots)
Stlth   ..........              h - amulet of reflection
HPRegen 0.18/turn               (no ring)
MPRegen 0.10/turn               (no ring)

@: no status effects
A: beak, clever 1
a: no special abilities


You were on level 4 of the Dungeon.
You visited 1 branch of the dungeon, and saw 4 of its levels.

You collected 95 gold pieces.
You spent 70 gold pieces at shops.

Inventory:

Hand Weapons
 a - a +0 hand axe
 b - a +0 hunting sling
 o - a +0 dagger of venom
 t - a +2 vorpal broad axe (weapon)
Missiles
 f - 42 stones (quivered)
 g - 37 sling bullets
Armour
 e - a +0 helmet
 i - a +0 plate armour (worn)
 l - a scarf of harm (worn)
Jewellery
 h - an amulet of reflection (around neck)
 j - an amulet of the acrobat
Scrolls
 d - a scroll of fear
 k - a scroll of identify
Potions
 q - a potion of magic
Miscellaneous
 r - a tin of tremorstones (2/2)


   Skills:
 + Level 5.1 Fighting
 + Level 6.3 Axes
 + Level 1.0 Throwing
 + Level 2.7 Armour
 + Level 2.9 Dodging
 + Level 1.8 Stealth
 + Level 1.1 Shields


You had 5 spell levels left.
You didn't know any spells.
Your spell library was empty.

Dungeon Overview and Level Annotations

Branches:
Dungeon (4/15)
 Temple: D:4-7

Altars:

Shops:
D:3 *[![

Portals:
Sewer: D:4


Innate Abilities, Weirdness & Mutations

You have a beak for a mouth.
Your mind is acute. (Int +2)


Message History

The gnoll is severely wounded.
The gnoll sergeant hits you from afar with a +2 vampiric spear!
The gnoll hits you with a +2 vorpal flail.
The gnoll sergeant hits you from afar with a +2 vampiric spear.
You closely miss the gnoll. You peck the gnoll.
The gnoll is severely wounded.
You block the gnoll's attack.
The gnoll sergeant hits you from afar with a +2 vampiric spear!
* * * LOW HITPOINT WARNING * * *
The gnoll hits you with a +2 vorpal flail.
* * * LOW HITPOINT WARNING * * *
x2 The gnoll completely misses you.
You feel much better. You block the gnoll sergeant's attack.
The gnoll hits you but does no damage. You block the gnoll's attack.
You barely miss the gnoll.
The gnoll is severely wounded.
The gnoll sergeant hits you from afar with a +2 vampiric spear.
The gnoll hits you with a +2 vorpal flail!
The gnoll hits you from afar with a +0 halberd!
* * * LOW HITPOINT WARNING * * *
You slash the gnoll!
You kill the gnoll!
The gnoll sergeant hits you from afar with a +2 vampiric spear.
* * * LOW HITPOINT WARNING * * *
The gnoll barely misses you.
Your Fighting skill increases to level 5!
You barely miss the gnoll.
The gnoll sergeant hits you from afar with a +2 vampiric spear.
* * * LOW HITPOINT WARNING * * *
The gnoll barely misses you. The gnoll hits you but does no damage.
You block the gnoll sergeant's attack. You block the gnoll's attack.
You slash the gnoll!
You kill the gnoll!
The gnoll sergeant hits you from afar with a +2 vampiric spear.
* * * LOW HITPOINT WARNING * * *
You block the gnoll's attack.
You closely miss the gnoll. The gnoll hits you with a +0 flail.
* * * LOW HITPOINT WARNING * * *
The gnoll sergeant hits you from afar with a +2 vampiric spear!
You die...

#.≈≈..∩...≈....
#.≈≈.....≈≈.#
#≈≈≈.?...≈≈.#
#.##≈≈≈≈≈# #
#.##≈≈≈≈≈##.#
#.....g....≈#
#.###ggB.#### #.#
##g### #.# #@#####
#.#.###.####.....#
#........†.'.....#
##..########.....#
#.....# #.....#######
#######+#............
#....^....##.........
##.........##.........


You could see a gnoll sergeant, 3 gnolls and a giant cockroach.

Vanquished Creatures
  A necrophage (D:3)
  An orc wizard (D:3)
  Robin (D:2)
  5 adders
  2 gnolls (D:4)
  A river rat (D:4)
  A howler monkey skeleton (D:4)
  3 worms
  6 dart slugs
  4 orcs (D:3)
  4 bats
  6 endoplasms
  3 giant cockroaches
  16 goblins
  8 hobgoblins
  4 jackals (D:3)
  2 kobolds
  6 quokkas
  8 ball pythons
  A frilled lizard (D:1)
  5 rats
88 creatures vanquished.

Vanquished Creatures (others)
  13 plants (D:2)
13 creatures vanquished.

Grand Total: 101 creatures vanquished

Notes
Turn   | Place    | Note
-------+----------+-------------------------------------------
     0 | D:1      | fknight the Hill Orc Monk began the quest for the Orb.
     0 | D:1      | Reached XP level 1. HP: 19/19 MP: 1/1
   512 | D:1      | Reached XP level 2. HP: 14/27 MP: 2/2
  1261 | D:1      | Reached XP level 3. HP: 22/33 MP: 3/3
  1797 | D:2      | Noticed Robin
  1797 | D:2      | Found a faded altar of an unknown god.
  1818 | D:2      | Killed Robin
  1819 | D:2      | Reached skill level 1 in Armour
  2008 | D:2      | Reached XP level 4. HP: 30/40 MP: 4/4
  2009 | D:2      | Reached skill level 5 in Axes
  2835 | D:2      | Gained mutation: Your mind is acute. (Int +2) [potion of
                  | mutation]
  2835 | D:2      | Gained mutation: You have a beak for a mouth. [potion of
                  | mutation]
  3056 | D:3      | Reached XP level 5. HP: 38/47 MP: 5/5
  3186 | D:3      | Noticed a necrophage
  3198 | D:3      | Killed a necrophage
  3199 | D:3      | Reached skill level 6 in Axes
  3199 | D:3      | Reached skill level 1 in Shields
  3311 | D:3      | Reached XP level 6. HP: 42/55 MP: 6/6
  3491 | D:3      | Found Rejadam's Armour Shop.
  3554 | D:3      | Found Umipryli's Antique Armour Emporium.
  3623 | D:3      | Found Yvur's Distillery.
  3632 | D:3      | Bought a potion of heal wounds for 70 gold pieces
  3747 | D:3      | Found Lyaruhim's General Store.
  4136 | D:4      | Reached skill level 1 in Throwing
  4217 | D:4      | Found a glowing drain.
  4242 | D:4      | Reached skill level 5 in Fighting
  4244 | D:4      | Mangled by a gnoll sergeant

Illustrated notes

Levels and vault maps discovered:
D:1:      dpeg_arrival_refuge, layout_loops_ring
D:2:      layout_basic, nicolae_ecumenical_pavilion, serial_bayou_ford_a,
          uniq_robin
D:3:      layout_loops_ring, serial_shops, shop, shop_fountains, shop,
          nicolae_shop_advertising_works [nicolae_subvault_shop_adworks],
          minmay_checkerbox
D:4:      layout_basic, temple_fountains, cheibrodos_sewer_entry_sluice,
          uniq_edmund

Skill      XL: |  1  2  3  4  5  6 |
---------------+-------------------+-----
Fighting       | 4 5 |  5.1
Armour         | 1 2 |  2.7
Axes           | 5 6 |  6.3
Shields        | 1 |  1.1
Throwing       | 1 |  1.0
Dodging        | |  2.9
Stealth        | |  1.8

Action                   |  1- 3 |  4- 6 || total
-------------------------+-------+-------++-------
Melee: Hand axe          |   106 |   150 ||   256
       Punch             |     3 |     3 ||     6
       Peck              |       |    25 ||    25
       Broad axe         |       |    24 ||    24
Throw: Stone             |     9 |    36 ||    45
  Use: Scroll            |     5 |     5 ||    10
       Potion            |     1 |     6 ||     7
 Stab: Sleeping          |     1 |       ||     1
Armor: Leather armour    |    29 |     8 ||    37
       Plate armour      |       |    62 ||    62
Dodge: Dodged            |    51 |    41 ||    92
Block: Other             |     1 |    44 ||    45
       Reflection        |       |     2 ||     2
